 Dungeon Crawl Stone Soup version 0.28.0-43-g3370ac3207 (webtiles) character file.

Game seed: 4088713114020046957

2914 GreyFruit the Arsonist (level 9, -8/67 HPs)
             Began as a Pale Draconian Fire Elementalist on Mar 2, 2022.
             Was a Believer of Vehumet.
             Mangled by a death knight
             ... wielding a +0 morningstar
              (13 damage)
             ... on level 7 of the Dungeon on Mar 5, 2022.
             The game lasted 00:25:23 (8737 turns).

GreyFruit the Arsonist (DrFE)                       Turns: 8737, Time: 00:25:23

Health: -8/67      AC: 10    Str: 10    XL:     9   Next: 50%
Magic:  9/20       EV: 13    Int: 17    God:    Vehumet [**....]
Gold:   273        SH:  0    Dex: 15    Spells: 13/23 levels left

rFire   . . .      SeeInvis .   b - +2 dagger (holy)
rCold   . . .      Faith    .   (no shield)
rNeg    . . .      Spirit   .   (armour unavailable)
rPois   .          Reflect  .   (helmet restricted)
rElec   .          Harm     .   (no cloak)
rCorr   .          Rampage  .   (no gloves)
Will    .....                   i - +2 pair of boots
Stlth   ++........              (no amulet)
HPRegen 0.21/turn               (no ring)
MPRegen 0.17/turn               (no ring)

@: about to teleport
A: breathe steam, AC +7, unfitting armour, cold-blooded, steam resistance,
stinger 1, agile 1, dopey 1, MP-powered wands
a: Breathe Steam, Renounce Religion


You were on level 7 of the Dungeon.
You worshipped Vehumet.
Vehumet was pleased with you.
You visited 2 branches of the dungeon, and saw 9 of its levels.

You collected 273 gold pieces.

Inventory:

Hand Weapons
 b - a +2 dagger of holy wrath (weapon)
Armour
 i - a +2 pair of boots (worn)
Jewellery
 u - a ring of magical power
Wands
 m - a wand of charming (10)
 s - a wand of iceblast (17)
 t - a wand of mindburst (16)
Scrolls
 a - 2 scrolls of noise
 c - 3 scrolls of immolation {unknown}
 d - 2 scrolls of fog
 e - 2 scrolls of amnesia {unknown}
 f - 3 scrolls of teleportation
 h - a scroll of summoning {unknown}
 j - 3 scrolls of identify
 k - a scroll of magic mapping {unknown}
 n - a scroll of silence {unknown}
 p - 2 scrolls of enchant weapon {unknown}
 r - 2 scrolls of fear {unknown}
 v - a scroll of blinking {unknown}
Potions
 g - 2 potions of lignification {unknown}
 l - a potion of heal wounds {unknown}
 o - a potion of haste {unknown}
 q - 5 potions of curing {unknown}
 w - a potion of resistance {unknown}


   Skills:
 + Level 1.9 Fighting
 - Level 0.6 Short Blades
 + Level 3.2 Dodging
 - Level 2.1 Stealth
 + Level 7.8 Spellcasting
 + Level 5.6 Conjurations
 + Level 9.1 Fire Magic


You had 13 spell levels left.
You knew the following spells:

 Your Spells              Type           Power      Damage    Failure   Level
a - Foxfire               Conj/Fire      100%       2x1d9     1%          1
b - Scorch                Fire           74%        2d9       1%          2
c - Flame Wave            Conj/Fire      31%        2d8       5%          4
d - Conjure Flame         Conj/Fire      31%        6-21      1%          3

Your spell library contained the following spells:

 Spells                   Type           Power      Damage    Failure   Level
 Freeze                   Ice            24%        1d5       11%         1
 Inner Flame              Hex/Fire       22%        N/A       4%          3
 Sticky Flame             Conj/Fire      31%        2d5       5%          4
 Ignite Poison            Fire/Tmut/Pois 17%        N/A       9%          3
 Ensorcelled Hibernation  Hex/Ice        12%        N/A       16%         2
 Passwall                 Tmut/Erth      5%         N/A       16%         2
 Gell's Gravitas          Tloc           6%         N/A       32%         3
 Lesser Beckoning         Tloc           6%         N/A       32%         3
 Swiftness                Air            6%         N/A       32%         3
 Teleport Other           Tloc           6%         N/A       32%         3


Dungeon Overview and Level Annotations

Branches:
Dungeon (8/15)             Temple (1/1) D:4
   Lair: D:8-11

Altars:
Ashenzari
Cheibriados
Dithmenos
Elyvilon
Fedhas
Gozag
Hepliaklqana
Kikubaaqudgha
Makhleb
Nemelex Xobeh
Okawaru
Qazlal
Ru
Sif Muna
Trog
Uskayaw
Vehumet
Wu Jian
Xom
Yredelemnul
Zin


Innate Abilities, Weirdness & Mutations

You can breathe blasts of scalding, opaque steam.
Your pale cyan-grey scales are hard. (AC +7)
You cannot fit into any form of body armour.
You are cold-blooded and may be slowed by cold attacks.
You are immune to the effects of steam.
Your tail ends in a venomous barb.
You are agile. (Dex +2)
You are dopey. (Int -2)
You expend magic power (3 MP) to strengthen your wands.


Message History

The death knight is lightly wounded.
The death knight's fire resistance burns away.
The death knight hits you with a +0 morningstar.
Casting: Scorch (safe; 1% risk of failure)
Confirm with . or Enter, or press ? or * to list all spells.
Flames lash the death knight.
The death knight is burned terribly!
The death knight is moderately wounded.
The death knight hits you with a +0 morningstar!
Casting: Scorch (safe; 1% risk of failure)
Confirm with . or Enter, or press ? or * to list all spells.
Flames lash the death knight.
The death knight is burned terribly!
The death knight is moderately wounded.
A centaur skeleton comes into view.
The death knight is engulfed in a cloud of scalding steam.
The death knight hits you with a +0 morningstar!
You have got your breath back.
Casting: Scorch (safe; 1% risk of failure)
Confirm with . or Enter, or press ? or * to list all spells.
You don't know that spell.
Casting: Scorch (safe; 1% risk of failure)
Confirm with . or Enter, or press ? or * to list all spells.
Flames lash the death knight.
The death knight is burned terribly!
The death knight is heavily wounded.
The death knight hits you with a +0 morningstar!
Casting: Scorch (safe; 1% risk of failure)
Confirm with . or Enter, or press ? or * to list all spells.
Flames lash the death knight.
The death knight is burned terribly!
The death knight is severely wounded.
The death knight hits you with a +0 morningstar!
Casting: Scorch (safe; 1% risk of failure)
Confirm with . or Enter, or press ? or * to list all spells.
Flames lash the death knight.
The death knight is burned terribly!
The death knight is severely wounded.
The death knight hits you with a +0 morningstar!!
* * * LOW HITPOINT WARNING * * *
Okay, then.
As you read the scroll of teleportation, it crumbles to dust.
You feel strangely unstable.
The death knight hits you with a +0 morningstar!
You die...

...##....................###.###.
..####.............#####.....####
### ##.<..>.######### #####..##
###....÷.##.....Z§# ##..##
###....<.).#..## #. ##..#
....##..#####..# #.## ##..
.######.## ##.#####Z# ##. ## #..#
##..##p#.## ## #..# #..##@#.#.#
##. #..###.##.###### ##..
##....#..##.#.#.### #...
#.....##..........# ##...
##.....##########.# ##.... ###
#...........# #.# ##..... ..#
##..........# #[####...... ..#
#.........## #......#.... .##
##.......## ####..###...


You could see a death knight (combustible).

Vanquished Creatures
  Sigmund (D:2)
  A wyvern (D:7)
  2 yaks
  An acid dragon (D:7)
  2 water moccasins
  An orc warrior (D:7)
  2 black bears
  A necrophage (D:6)
  3 ogres
  A phantom (D:5)
  3 scorpions
  A water moccasin zombie (D:6)
  A water moccasin skeleton (D:6)
  5 killer bees (D:8)
  A gnoll shaman (D:8)
  4 orc priests
  3 hounds
  A jelly (D:6)
  A bullfrog skeleton (D:7)
  2 centaur skeletons
  Jessica (D:2)
  4 orc wizards
  Terence (D:2)
  A killer bee zombie (D:7)
  A hound skeleton (D:5)
  A howler monkey zombie (D:5)
  A howler monkey skeleton (D:7)
  5 adders
  7 gnolls
  A river rat (D:3)
  An adder skeleton (D:4)
  2 worms (D:3)
  3 dart slugs
  18 orcs
  4 ball pythons
  6 endoplasms
  4 giant cockroaches
  5 hobgoblins
  7 jackals
  5 quokkas
  A bat (D:2)
  6 frilled lizards
  4 goblins
  A jackal skeleton (D:4)
  10 kobolds
  8 rats
145 creatures vanquished.

Vanquished Creatures (others)
  533 foxfires
533 creatures vanquished.

Grand Total: 678 creatures vanquished

Notes
Turn   | Place    | Note
-------+----------+-------------------------------------------
     0 | D:1      | GreyFruit the Draconian Fire Elementalist began the quest
                  | for the Orb.
     0 | D:1      | Reached XP level 1. HP: 14/14 MP: 3/3
   316 | D:1      | Reached XP level 2. HP: 20/20 MP: 0/5
   933 | D:1      | Reached XP level 3. HP: 26/26 MP: 3/6
  1705 | D:2      | Noticed Jessica
  1709 | D:2      | Killed Jessica
  1710 | D:2      | Reached skill level 4 in Fire Magic
  1710 | D:2      | Reached XP level 4. HP: 32/33 MP: 3/8
  1866 | D:2      | Noticed Sigmund
  1877 | D:2      | Gained mutation: You are dopey. (Int -2) [potion of
                  | mutation]
  1877 | D:2      | Gained mutation: You expend magic power (3 MP) to
                  | strengthen your wands. [potion of mutation]
  1877 | D:2      | Gained mutation: You are agile. (Dex +2) [potion of
                  | mutation]
  1877 | D:2      | Gained mutation: Your tail ends in a venomous barb. [potion
                  | of mutation]
  1897 | D:2      | Killed Sigmund
  1898 | D:2      | Reached XP level 5. HP: 21/38 MP: 3/10
  2183 | D:2      | Noticed Terence
  2189 | D:2      | Killed Terence
  2190 | D:2      | Reached XP level 6. HP: 45/45 MP: 4/11
  2388 | D:2      | Found a faded altar of an unknown god.
  2800 | D:3      | Reached skill level 5 in Fire Magic
  2814 | D:3      | You fall into a shaft and drop 3 floors!
  2846 | D:5      | Entered Level 5 of the Dungeon
  3574 | D:3      | Your scales start taking on a pale cyan-grey colour.
  3574 | D:3      | Reached XP level 7. HP: 51/51 MP: 9/13
  3574 | D:3      | Gained mutation: You are immune to the effects of steam.
                  | [Pale Draconian growth]
  3868 | D:3      | Learned a level 2 spell: Scorch
  3873 | D:3      | Learned a level 4 spell: Flame Wave
  3877 | D:3      | Learned a level 3 spell: Conjure Flame
  3898 | D:3      | Reached skill level 6 in Fire Magic
  4220 | D:4      | Found a staircase to the Ecumenical Temple.
  4262 | Temple   | Entered the Ecumenical Temple
  4320 | Temple   | Became a worshipper of Vehumet
  4955 | D:5      | Reached skill level 1 in Fighting
  4955 | D:5      | Reached skill level 5 in Spellcasting
  5738 | D:6      | Reached XP level 8. HP: 59/59 MP: 9/15
  5948 | D:6      | Reached skill level 7 in Fire Magic
  6632 | D:6      | Reached * piety under Vehumet
  6632 | D:6      | Offered knowledge of Freeze by Vehumet.
  7084 | D:7      | Noticed a death knight
  7218 | D:7      | Reached skill level 8 in Fire Magic
  7294 | D:7      | Reached skill level 5 in Conjurations
  7305 | D:7      | Reached XP level 9. HP: 48/67 MP: 1/19
  8417 | D:8      | Reached skill level 9 in Fire Magic
  8422 | D:8      | Reached ** piety under Vehumet
  8737 | D:7      | Mangled by a death knight

Illustrated notes

Levels and vault maps discovered:
D:1:      minmay_arrival_jagged, layout_basic, chequers_serial_rivers_micro_e
D:2:      layout_rooms, shapermc_ecumenical_altar_mp_vishouse, uniq_terence,
          uniq_jessica, uniq_sigmund
D:3:      layout_basic, portal_sewer_entry_e
D:4:      layout_cave_pods, minmay_temple_entry_proselytizer,
          hangedman_decor_slide_cut
D:5:      layout_cave_pods, kennysheep_cross_room
D:6:      layout_loops_ring
D:7:      layout_cave_pods, minmay_small_thing
D:8:      layout_basic, nicolae_ossuary_entry_plus
Temple:   dpeg_three_leaves_temple

Skill      XL: |  1  2  3  4  5  6  7  8  9 |
---------------+----------------------------+-----
Dodging        | 2 3 |  3.2
Stealth        | 2 |  2.1
Fire Magic     | 4 5 6 8 9 |  9.1
Spellcasting   | 3 4 5 6 7 |  7.8
Conjurations   | 2 3 4 5 |  5.6
Fighting       | 1 |  1.9
Short Blades   | |  0.6

Action                   |  1- 3 |  4- 6 |  7- 9 || total
-------------------------+-------+-------+-------++-------
Melee: Dagger            |    29 |     7 |    36 ||    72
       Unarmed           |     2 |       |       ||     2
       Tailslap          |     2 |     2 |     8 ||    12
       Punch             |     1 |       |       ||     1
 Cast: Foxfire           |    65 |    98 |   176 ||   339
       Scorch            |       |       |    42 ||    42
       Flame Wave        |       |       |     3 ||     3
       Conjure Flame     |       |       |     3 ||     3
 Abil: Breathe Steam     |       |       |     9 ||     9
  Use: Potion            |       |     4 |       ||     4
       Scroll            |       |     3 |     1 ||     4
Armor: Skin              |    21 |    14 |    28 ||    63
Dodge: Dodged            |    24 |    21 |    46 ||    91
